 Dungeon Crawl Stone Soup version 0.27-a0-887-gcab673c142 (webtiles) character file.

Game seed: 11095945767696751195

53 Froggeryz the Skirmisher (level 3, -1/31 HPs)
             Began as a Minotaur Summoner on Apr 4, 2021.
             Slain by a gnoll
             ... wielding a +0 club
              (6 damage)
             ... on level 2 of the Dungeon.
             The game lasted 00:02:01 (2924 turns).

Froggeryz the Skirmisher (Minotaur Summoner)        Turns: 2924, Time: 00:02:02

Health: -1/31      AC:  2    Str: 13    XL:     3   Next: 62%
Magic:  4/4        EV: 12    Int: 12    God:
Gold:   47         SH:  0    Dex: 10    Spells: 3/4 levels left

rFire    . . .     SeeInvis .   f - +0 dagger (venom)
rCold    . . .     Faith    .   (no shield)
rNeg     . . .     Spirit   .   a - +0 robe
rPois    .         Reflect  .   (helmet restricted)
rElec    .         Harm     .   (no cloak)
rCorr    .         Rampage  .   (no gloves)
Will     .....                  (no boots)
Stlth    ++........             (no amulet)
HPRegen  0.10/turn              (no ring)
MPRegen  0.09/turn              (no ring)

@: no status effects
A: horns 2, retaliatory headbutt
a: no special abilities


You were on level 2 of the Dungeon.
You visited 1 branch of the dungeon, and saw 2 of its levels.

You collected 47 gold pieces.

Inventory:

Hand Weapons
 f - a +0 dagger of venom (weapon)
Missiles
 e - 14 poisoned darts (quivered)
Armour
 a - a +0 robe (worn)
 c - a +0 kite shield
Scrolls
 d - a scroll of blinking {unknown}
 g - a scroll of identify {unknown}
Potions
 b - a potion of brilliance {unknown}
 h - a potion of heal wounds {unknown}


   Skills:
 + Level 3.3 Fighting
 - Level 2.1 Dodging
 - Level 1.5 Stealth
 + Level 2.1 Shields
 - Level 1.3 Spellcasting
 - Level 2.9 Summonings


You had 3 spell levels left.
You knew the following spells:

 Your Spells              Type           Power      Damage    Failure   Level
a - Summon Small Mammal   Summ           28%        N/A       9%          1

Your spell library contained the following spells:

 Spells                   Type           Power      Damage    Failure   Level
 Call Imp                 Summ           7%         N/A       13%         2
 Call Canine Familiar     Summ           7%         N/A       26%         3
 Summon Guardian Golem    Hex/Summ       4%         N/A       43%         3
 Summon Ice Beast         Ice/Summ       4%         N/A       83%         4
 Summon Lightning Spire   Summ/Air       4%         N/A       83%         4


Dungeon Overview and Level Annotations

Branches:
Dungeon (2/15)

Altars:


Innate Abilities, Weirdness & Mutations

You have a pair of horns on your head.
You reflexively headbutt those who attack you in melee.


Message History

An endoplasm comes into view.
An endoplasm is nearby!
An endoplasm is nearby!
Found an escape hatch in the ceiling.
A gnoll comes into view. It is wielding a +0 flail.
The endoplasm quivers.
A gnoll comes into view. It is wielding a +0 club.
The endoplasm hits you.
Found 22 stones.
You hit the endoplasm. You headbutt the endoplasm.
You kill the endoplasm!
The gnoll shouts!
A gnoll comes into view. It is wielding a +0 halberd.
The gnoll shouts!
You barely miss the gnoll. The gnoll closely misses you.
The gnoll hits you with a +0 club.
You closely miss the gnoll.
The gnoll shouts!
You headbutt the gnoll.
The gnoll is lightly wounded.
The gnoll hits you from afar with a +0 halberd!
The gnoll barely misses you.
You are too injured to fight recklessly!
You are too injured to fight recklessly!
You are too injured to fight recklessly!
You are too injured to fight recklessly!
You are too injured to fight recklessly!
The gnoll throws a throwing net.
The throwing net hits you.
You become entangled in the net!
You see here a throwing net.
You struggle against the net.
The gnoll hits you with a +0 club.
You tear a large gash into the net.
The gnoll barely misses you.
You struggle against the net.
The gnoll hits you from afar with a +0 halberd!
* * * LOW HITPOINT WARNING * * *
The gnoll closely misses you.
You rip the net and break free!
The gnoll closely misses you. The gnoll barely misses you.
The gnoll hits you with a +0 club.
You die...

###### ..... #..(#
#...# ######...#
.........#
#####...g#
.......gg# #+#
######..@# #.#
####...#### #.#
.......<...# #.#
######
#####...##.###.#
#.....
#...##.....####.####
#.............#.#
+.............#(#
#.............#.#
####..........#.#


You could see 3 gnolls.

Vanquished Creatures
  An adder (D:2)
  A dart slug (D:1)
  9 endoplasms
  2 giant cockroaches
  3 goblins
  2 hobgoblins
  3 jackals (D:1)
  3 quokkas
  4 ball pythons
  A bat (D:1)
  3 frilled lizards
  2 kobolds (D:1)
  2 rats (D:1)
36 creatures vanquished.

Notes
Turn   | Place    | Note
-------+----------+-------------------------------------------
     0 | D:1      | Froggeryz the Minotaur Summoner began the quest for the
                  | Orb.
     0 | D:1      | Reached XP level 1. HP: 14/14 MP: 1/1
    35 | D:1      | Reached skill level 1 in Fighting
   529 | D:1      | Reached skill level 2 in Fighting
   529 | D:1      | Reached XP level 2. HP: 17/24 MP: 3/3
  1380 | D:1      | Reached skill level 1 in Shields
  2230 | D:2      | Reached skill level 3 in Fighting
  2230 | D:2      | Reached XP level 3. HP: 26/31 MP: 2/4
  2924 | D:2      | Slain by a gnoll

Illustrated notes

Levels and vault maps discovered:
D:1:      roderic_chinese_lattice_arrival, layout_basic
D:2:      layout_basic, kennysheep_nondescript

Skill      XL: |  1  2  3 |
---------------+----------+-----
Fighting       | 2 3 |  3.3
Shields        | 1 2 |  2.1
Dodging        | |  2.1
Stealth        | |  1.5
Spellcasting   | |  1.3
Summonings     | |  2.9

Action                   || total
-------------------------++-------
Melee: Unarmed           ||    99
       Headbutt          ||    22
       Dagger            ||    35
Throw: Dart              ||     2
 Cast: Summon Small Mamm ||     1
 Stab: Sleeping          ||     3
Armor: Robe              ||    12
Dodge: Dodged            ||    76

Table legend: (Time is in decaauts)
 A = Elapsed time spent in this place.
 B = Non-inter-level travel time spent in this place.
 C = Inter-level travel time spent in this place.
 D = Time resting spent in this place.
 E = Time spent auto-exploring this place.
 F = Levels seen in this place.
 G = Mean time per level.
                   A        B        C        D        E       F      G
               +--------+--------+--------+--------+--------+-----+--------+
         Total |   2923 |   2785 |    138 |    976 |   1484 |   2 | 1461.5 |
       Dungeon |   2923 |   2785 |    138 |    976 |   1484 |   2 | 1461.5 |
               +--------+--------+--------+--------+--------+-----+--------+

Top non-repeatable levels by time:
     D:1: 2214 daAuts
     D:2: 709 daAuts
